Map: Turbo Cruise '84 LE

Players

Kas

  • Race: Terran Terran
  • League: Master
  • Spawn Location: 7:00

HeroMarine - Winner!

  • Race: Terran Terran
  • League: Master
  • Spawn Location: 3:00

Event: HomeStory Cup XIX

VOD

Have the link to the VOD?

Description

Time

  • Played on: June 28, 2019, 1:06 p.m.
  • Length: 2:41

All games in this series

Show
View Real Time Build Order
Export as new Build Order

Kas Terran 

Build Orders:  

Get SALT Encoding   

  12  0:00  SCV  
  13  0:13  SCV  
  14  0:18  Supply Depot  
  14  0:25  SCV  
  14  0:28  Refinery  
  15  0:39  SCV  
  16  0:45  Barracks  
  16  0:51  SCV  
  17  1:03  SCV  
  18  1:15  SCV  
  19  1:32  Orbital Command, Reaper  
  20  1:43  Command Center  
  20  1:55  Factory  
  20  1:57  SCV  
  21  2:07  Barracks Reactor  
  21  2:08  Supply Depot  
  21  2:11  SCV  
  22  2:17  Refinery  
  22  2:23  SCV  
Show
View Real Time Build Order
Export as new Build Order

HeroMarine Terran - Winner!

Build Orders:  

Get SALT Encoding   

  12  0:00  SCV  
  13  0:12  SCV  
  14  0:18  Supply Depot  
  14  0:39  Barracks  
  14  0:41  Refinery  
  14  0:54  Barracks  
  14  0:58  SCV  
  15  1:10  SCV  
  16  1:26  Reaper  
  16  1:27  Orbital Command  
  16  1:32  Refinery  
  17  1:42  Reaper  
  18  1:52  SCV  
  19  1:59  Reaper  
  20  2:02  Supply Depot  
  20  2:04  SCV  
  22  2:17  SCV  
  23  2:29  SCV  
  24  2:41  Factory  
Tags
 
Add a new tag
Caveats
  • Supply blocks, unpowered buildings, or Contaminate may cause inaccurate times.
  • Supply counts are checked every 10 seconds.